 Dungeon Sprint DCSS version 0.21.1-1-g345015f (webtiles) character file.

427 wilfster70 the Ruffian (level 6, -2/53 HPs)
             Began as a Troll Wizard on Apr 5, 2018.
             Was an Initiate of Okawaru.
             Slain by Sonja
             ... wielding a +0 dagger of distortion
              (19 damage)
             ... in the Dungeon (Sprint I: "Red Sonja").
             The game lasted 00:02:59 (251 turns).

wilfster70 the Ruffian (Troll Wizard)                Turns: 251, Time: 00:03:00

Health: -2/53      AC:  5    Str: 16    XL:     6   Next: 65%
Magic:  10/12      EV: 12    Int: 16    God:    Okawaru [......]
Gold:   171        SH:  0    Dex:  8    Spells: 10/15 levels left

rFire    . . .     SeeInvis .     - Unarmed
rCold    . . .     Gourm    +   (no shield)
rNeg     . . .     Faith    .   a - +0 robe
rPois    .         Spirit   .   b - +0 hat
rElec    .         Reflect  .   (no cloak)
rCorr    .         Harm     .   (gloves unavailable)
MR       .....     NoTele   +   (boots unavailable)
Stlth    +.........             (no amulet)
HPRegen  0.57/turn              (no ring)
MPRegen  0.13/turn              (no ring)

@: lethally poisoned (-2 -> -3), slowed, very slow
A: large, unfitting armour, claws 3, fast metabolism 3, gourmand, regeneration
1, shaggy fur 1, tough skin 2
a: Renounce Religion


You were in the Dungeon.
You worshipped Okawaru.
Okawaru was noncommittal.
You were full.

You visited 1 branch You collected 297 gold pieces.
You spent 126 gold pieces at shops.

Inventory:

Armour
 a - a +0 robe (worn)
 b - a +0 hat (worn)
Scrolls
 j - a scroll of blinking
Potions
 e - 2 potions of curing
 f - 2 potions of heal wounds
 g - a potion of haste
 h - 2 potions of magic
 i - a potion of might
Books
 c - a book of Minor Magic

   Spells                             Type                      Level
   a - Magic Dart                     Conjuration                  1
   b - Blink                          Translocation                2
   c - Call Imp                       Summoning                    2
   d - Slow                           Hexes                        2
   e - Conjure Flame                  Conjuration/Fire             3
   f - Mephitic Cloud                 Conjuration/Poison/Air       3
Comestibles
 d - 2 rations


   Skills:
 + Level 6.2 Dodging
 - Level 1.0 Stealth
 + Level 7.1 Unarmed Combat
 + Level 5.0 Spellcasting
 + Level 5.4 Conjurations
 - Level 0.6 Summonings
 - Level 0.6 Translocations


You had 10 spell levels left.
You knew the following spells:

 Your Spells              Type           Power        Failure   Level  Hunger
a - Magic Dart            Conj           ###.         1%          1    None
b - Call Imp              Summ           #.......     19%         2    #......
c - Blink                 Tloc           N/A          19%         2    #......


Dungeon Overview and Level Annotations

Branches:
Dungeon (1/1)

Altars:
Cheibriados
Dithmenos
Elyvilon
Fedhas
Gozag
Hepliaklqana
Kikubaaqudgha
Nemelex Xobeh
Okawaru
Qazlal
Ru
Sif Muna
Trog
Uskayaw
Vehumet
Wu Jian
Yredelemnul
Zin
The Shining One

Shops:
D !

Annotations:
D Sonja


Innate Abilities, Weirdness & Mutations

You are too large for most types of armour.
You have claws for hands.
Your metabolism is lightning-fast.
You like to eat raw meat.
Your natural rate of healing is unusually fast.
You are covered in fur. (AC +1)
You have very tough skin. (AC +2)


Message History

Sonja blinks!
Casting: Magic Dart
Confirm with . or Enter, or press ? or * to list all spells.
Aiming: Magic Dart
Press: ? - help, Shift-Dir - straight line, f/p - Sonja
Aim: Sonja, wielding a blowgun (moderately wounded)
The magic dart hits Sonja.
Sonja is moderately wounded.
Sonja unwields an uncursed blowgun.
Sonja wields an uncursed dagger of distortion.
Its appearance distorts for a moment.
Sonja hits you with an uncursed dagger of distortion.
You feel a strange sense of stasis. Sonja hits you but does no damage.
Space warps horribly around you!
Sonja hits you with an uncursed dagger of distortion.
Space bends around you.
Sonja hits you with an uncursed dagger of distortion.
Sonja hits you but does no damage.
You feel a strange sense of stasis. Sonja hits you but does no damage.
Space warps horribly around you!
You die...

################
#<.#.[').#..'..#
#..'..#..').#..+
#..#####'#####'#
#..####..#...#(#
#..#__####..##(#
#..#_____##'#_.+
#⌠⌠#_.∩...†.K._#
####_..__##_@#'#
#_____###'#(#
####### #.###
$.$ $§$ ##.##
#+#


You could see Sonja.

Vanquished Creatures
  Sigmund (D)
  A yak (D)
  An ogre (D)
  A jelly (D)
  Ijyb (D)
5 creatures vanquished.

Notes
Turn   | Place    | Note
-------+----------+-------------------------------------------
     0 | D        | wilfster70 the Troll Wizard began the quest for the Orb.
     0 | D        | Reached XP level 1. HP: 16/16 MP: 2/2
     1 | D        | Noticed Ijyb
    31 | D        | Killed Ijyb
    31 | D        | Reached skill level 2 in Unarmed Combat
    31 | D        | Reached XP level 2. HP: 20/24 MP: 2/4
    59 | D        | Learned a level 2 spell: Call Imp
    60 | D        | Noticed an ogre
    65 | D        | Killed an ogre
    65 | D        | Reached skill level 4 in Unarmed Combat
    65 | D        | Reached XP level 3. HP: 31/31 MP: 4/6
    65 | D        | Reached XP level 4. HP: 39/39 MP: 5/8
    68 | D        | Noticed Sigmund
    79 | D        | Killed Sigmund
    79 | D        | Reached skill level 5 in Dodging
    79 | D        | Reached skill level 6 in Unarmed Combat
    79 | D        | Reached XP level 5. HP: 17/45 MP: 6/10
   143 | D        | Found a deep blue altar of Sif Muna.
   144 | D        | Found an ornate altar of the Wu Jian Council.
   145 | D        | Found a radiant altar of Vehumet.
   150 | D        | Reached XP level 6. HP: 36/53 MP: 11/11
   154 | D        | Learned a level 2 spell: Blink
   156 | D        | Found Dicsamn's Distillery.
   156 | D        | Found an ancient bone altar of Kikubaaqudgha.
   156 | D        | Found a hazy altar of Hepliaklqana.
   156 | D        | Found a stormy altar of Qazlal.
   156 | D        | Found a hide-covered altar of Uskayaw.
   156 | D        | Found a blossoming altar of Fedhas.
   156 | D        | Found a bloodstained altar of Trog.
   156 | D        | Found an iron altar of Okawaru.
   156 | D        | Found a basalt altar of Yredelemnul.
   156 | D        | Found a glowing golden altar of the Shining One.
   156 | D        | Found a snail-covered altar of Cheibriados.
   156 | D        | Found a sacrificial altar of Ru.
   156 | D        | Found a glowing silver altar of Zin.
   156 | D        | Found a shadowy altar of Dithmenos.
   156 | D        | Found a white marble altar of Elyvilon.
   156 | D        | Noticed a yak
   165 | D        | Killed a yak
   165 | D        | Reached skill level 7 in Unarmed Combat
   165 | D        | Reached skill level 5 in Spellcasting
   165 | D        | Reached skill level 5 in Conjurations
   166 | D        | Found an opulent altar of Gozag.
   167 | D        | Found a sparkling altar of Nemelex Xobeh.
   171 | D        | Bought a potion of heal wounds for 70 gold pieces
   171 | D        | Bought a potion of might for 56 gold pieces
   222 | D        | Became a worshipper of Warmaster Okawaru
   249 | D        | Noticed Sonja
   251 | D        | Slain by Sonja

Skill      XL: |  1  2  3  4  5  6 |
---------------+-------------------+-----
Dodging        | 2 4 5 6 |  6.2
Unarmed Combat | 2 4 6 7 |  7.1
Conjurations   | 2 3 4 5 |  5.4
Spellcasting   | 3 4 5 |  5.0
Stealth        | |  1.0
Summonings     | |  0.6
Translocations | |  0.6

Action                   |  1- 3 |  4- 6 || total
-------------------------+-------+-------++-------
Melee: Unarmed           |    31 |    21 ||    52
       Punch             |       |     1 ||     1
 Cast: Magic Dart        |       |     2 ||     2
  Use: Potion            |     1 |       ||     1
  Eat: Chunk             |       |     4 ||     4
Armor: Robe              |     4 |     4 ||     8
Dodge: Dodged            |    19 |     7 ||    26
